 Dungeon Crawl Stone Soup version 0.32-a0-932-g546787307d (webtiles) character file.

Game seed: 10976434481207889500

22241 u553311 the Brawler (level 12, -3/115 HPs)
             Began as a Troll Chaos Knight on Apr 14, 2024.
             Was a Plaything of Xom.
             Killed from afar by a frost giant (18 damage)
             ... with a bolt of cold
             ... in an ice cave.
             The game lasted 00:30:04 (8581 turns).

u553311 the Brawler (Troll Chaos Knight)            Turns: 8581, Time: 00:30:10

Health: -3/115     AC:  9    Str: 26    XL:     12   Next: 61%
Magic:  11/11      EV: 13    Int: 12    God:    Xom [...*..]
Gold:   508        SH: 11    Dex: 14    Spells: 11/11 levels left

rFire   . .          .
                       - Unarmed
rCold   + . .        R - +0 tower shield {rC+}
rNeg    . . .        g - +0 steam dragon scales
rPois   +            (helmet restricted)
rElec   .            k - +1 cloak {rPois}
rCorr   .            (gloves unavailable)
SInv    .            (boots unavailable)
Will    .....        h - amulet of the acrobat
Stlth   +            m - +5 ring of evasion
HPRegen 1.19/turn    M - +6 ring of dexterity
MPRegen 0.12/turn

%: random rage (3%), acrobat
@: cleaving
A: large, unfitting armour, claws 3, regeneration 1, shaggy fur 1, tough skin 1,
talons 1, berserk 1, clever 1, screaming 1
a: Renounce Religion


You were in an ice cave.
You worshipped Xom.
You were a favourite toy of Xom.
You visited 2 branches of the dungeon, and saw 12 of its levels.
You visited the Abyss 1 time.
You also visited: Ice Cave.

You collected 1114 gold pieces.
You spent 606 gold pieces at shops.

Inventory:

Missiles
 y - a throwing net
 B - 6 silver javelins
Armour
 a - a +2 robe
 d - a +0 troll leather armour
 g - +0 steam dragon scales (worn)
 k - a +1 cloak of poison resistance (worn)
 P - a +2 kite shield
 R - a +0 tower shield of cold resistance (worn)
Jewellery
 h - an amulet of the acrobat (around neck)
 m - a +5 ring of evasion (left claw)
 o - an amulet of magic regeneration
 w - a +6 ring of intelligence
 L - a ring of positive energy
 M - a +6 ring of dexterity (right claw)
Talismans
 O - a blade talisman
Wands
 q - a wand of flame (4) (quivered)
 s - a wand of paralysis (11)
 N - a wand of mindburst (6)
 Q - a wand of polymorph (5)
Scrolls
 b - a scroll of butterflies
 f - 3 scrolls of amnesia
 j - 5 scrolls of teleportation
 r - a scroll of enchant weapon
 t - 2 scrolls of revelation {unknown}
 v - 3 scrolls of enchant armour {unknown}
 C - a scroll of poison {unknown}
 D - a scroll of vulnerability
 E - 3 scrolls of fog
 G - 3 scrolls of immolation
 K - a scroll of fear {unknown}
Potions
 c - 2 potions of degeneration
 i - a potion of invisibility {unknown}
 l - 3 potions of might
 n - a potion of ambrosia
 p - 3 potions of cancellation
 u - 3 potions of attraction
 x - 2 potions of enlightenment
 z - 3 potions of curing {unknown}
 A - 3 potions of mutation
 F - a potion of resistance
 H - a potion of berserk rage {unknown}
 I - a potion of haste {unknown}
 J - a potion of lignification {unknown}


   Skills:
 - Level 6.5 Fighting
 - Level 6.2 Dodging
 - Level 15.7 Unarmed Combat
 + Level 9.7 Shapeshifting


You had 11 spell levels left.
You didn't know any spells.
Your spell library contained the following spells:

 Spells                   Type           Power      Damage    Failure   Level
 Freeze                   Ice            0%         1d3       91%         1
 Magic Dart               Conj           0%         1d3       91%         1
 Sandblast                Erth           0%         2d4       91%         1
 Slow                     Hex            0%         N/A       91%         1
 Blink                    Tloc           0%         N/A       97%         2
 Call Imp                 Summ           0%         N/A       97%         2
 Confusing Touch          Hex            0%         N/A       100%        3
 Dazzling Flash           Conj/Hex       0%         N/A       100%        3
 Frozen Ramparts          Ice            0%         1d1       100%        3
 Hailstorm                Conj/Ice       0%         3d5       100%        3
 Stone Arrow              Conj/Erth      0%         3d7       100%        3
 Summon Ice Beast         Ice/Summ       0%         N/A       100%        3
 Vampiric Draining        Necr           0%         2d6       100%        3
 Brom's Barrelling Bould  Conj/Erth      0%         2d3       100%        4
 Cause Fear               Hex            0%         N/A       100%        4
 Martyr's Knell           Necr/Summ      0%         N/A       100%        4
 Summon Mana Viper        Hex/Summ       0%         N/A       100%        5
 Monstrous Menagerie      Summ           0%         N/A       100%        7


Dungeon Overview and Level Annotations

Branches:
Dungeon (11/15)            Temple (0/1) D:6            Lair (1/5) D:10
    Orc (0/2) D:10          IceCv (1/1)

Altars:
Fedhas
Trog

Shops:
D:4 ?   D:10 =

Annotations:
D:11 Gastronok
Lair:1 Fannar


Innate Abilities, Weirdness & Mutations

You are too large for most types of armour.
You have claws for hands.
Your natural rate of healing is unusually fast.
You are covered in fur. (AC +1)
You have tough skin. (AC +1)
You have sharp toenails.
You sometimes lose your temper in combat.
Your mind is acute. (Int +4, Str/Dex -1)
You occasionally shout uncontrollably at your foes.


Message History

The death yak is heavily wounded.
You hear Xom's avuncular chuckle.
The death yak seems to slow down.
You are now a favourite toy of Xom.
The death yak is no longer moving slowly.
You block the death yak's attack.
You barely miss the death yak.
You claw the death yak, but do no damage.
The death yak is heavily wounded.
You block the death yak's attack.
You mangle the death yak!! Your kick misses the death yak.
The death yak is severely wounded.
The death yak gores you!
You barely miss the death yak.
You claw the death yak, but do no damage.
The death yak is severely wounded.
You block the death yak's attack.
You scratch the death yak.
The death yak is severely wounded.
The death yak gores you!!
You scratch the death yak but do no damage.
The death yak is severely wounded.
You claw the frost giant!
The frost giant is lightly wounded.
You scratch the frost giant. You claw the frost giant.
The frost giant is lightly wounded.
The frost giant hits you with a +2 battleaxe of freezing!!
* * * LOW HITPOINT WARNING * * *
The frost giant freezes you.
* * * LOW HITPOINT WARNING * * *
Blink to where?
Press: ? - help, Dir - move target
Okay, then.
Blink to where?
Press: ? - help, Dir - move target
As you read the scroll of blinking, it crumbles to dust.
The frost giant gestures at you while chanting.
The bolt of cold hits you!! You resist.
You die...
Xom snickers!

..# .. ..## ..## #..#
####.# ### ###....#
###.#####CY##.#≈≈≈≈≈≈≈
###..#.##.§#.#..≈≈≈≈≈≈≈≈
#..####@.######.##≈≈≈≈≈≈
###..# #### ### ≈≈≈≈≈≈
##...## . ≈≈≈~~# #.....#
..# ##~~~ ##...###..#
##~ ##......# ########


You could see a frost giant and a death yak.

Vanquished Creatures
  A quicksilver dragon skeleton (Abyss:1)
  An alligator (D:11)
  5 death yaks (IceCv)
  A wretched star (Abyss:1)
  Lodul (D:10)
  A glowing orange brain (D:11)
  2 manticores (D:11)
  An elephant (D:10)
  An ice statue (IceCv)
  A black mamba (Lair:1)
  A gargoyle (D:11)
  A cane toad (Lair:1)
  A komodo dragon (D:10)
  2 ice devils (D:11)
  A silent spectre (Abyss:1)
  2 trolls
  3 polar bears (IceCv)
  A hornet (D:10)
  2 raiju (Abyss:1)
  Sigmund (D:3)
  A wyvern (D:9)
  A water elemental (D:11)
  2 wraiths (D:10)
  28 yaks
  A basilisk (D:10)
  2 vampire mosquitoes (D:11)
  2 steam dragons
  A small abomination (Abyss:1)
  2 water moccasins (D:8)
  3 orc warriors
  3 ice beasts
  A sky beast (D:7)
  4 black bears
  8 ogres
  9 wolves (IceCv)
  3 centaurs
  2 kobold brigands
  3 bullfrogs
  A gnoll sergeant (D:6)
  An earth elemental (Abyss:1)
  A scorpion (D:5)
  9 wights
  24 killer bees
  7 howler monkeys
  An electric eel (D:11)
  A hound (D:4)
  3 gnoll boudas
  5 jellies
  A quasit (Abyss:1)
  8 orc priests
  3 iguanas
  7 orc wizards
  18 gnolls
  6 adders
  A shadow imp (D:8)
  3 white imps
  3 ufetubi
  3 dart slugs
  A ribbon worm (D:3)
  27 orcs
  8 endoplasms
  5 giant cockroaches
  9 goblins
  6 hobgoblins
  11 jackals
  16 kobolds
  4 quokkas
  4 ball pythons
  11 bats
  3 frilled lizards
  7 rats
324 creatures vanquished.

Notes
Turn   | Place    | Note
-------+----------+-------------------------------------------
     0 | D:1      | u553311 the Troll Chaos Knight began the quest for the Orb.
     0 | D:1      | Reached XP level 1. HP: 22/22 MP: 0/0
    63 | D:1      | XOM: potion effect (brilliance)
    74 | D:1      | Reached XP level 2. HP: 29/29 MP: 1/1
   207 | D:1      | Reached skill level 4 in Unarmed Combat
   229 | D:1      | XOM: noise
   373 | D:1      | Reached XP level 3. HP: 36/36 MP: 2/2
   857 | D:2      | Reached XP level 4. HP: 44/44 MP: 3/3
   885 | D:2      | Reached skill level 5 in Unarmed Combat
   943 | D:2      | XOM: silly message
   967 | D:2      | XOM: silly message
  1327 | D:3      | XOM: 2-stop teleportation journey
  1334 | D:3      | Reached XP level 5. HP: 50/50 MP: 4/4
  1365 | D:3      | Reached skill level 6 in Unarmed Combat
  1621 | D:3      | Noticed Sigmund
  1624 | D:3      | Killed Sigmund
  1625 | D:3      | Reached skill level 7 in Unarmed Combat
  1625 | D:3      | Reached XP level 6. HP: 59/59 MP: 5/5
  1634 | D:3      | XOM: give mutation
  1634 | D:3      | Gained mutation: You are covered in thick fur. (AC +2)
                  | [Xom's grace]
  1898 | D:4      | XOM: summons 4 hostile demons
  2016 | D:4      | XOM: potion effect (might)
  2030 | D:4      | XOM: scenery: summon butterflies
  2033 | D:4      | Reached skill level 8 in Unarmed Combat
  2213 | D:4      | Reached XP level 7. HP: 66/66 MP: 6/6
  2294 | D:4      | Found Xisarid's Magic Scroll Shop.
  2300 | D:4      | Bought a scroll of teleportation for 42 gold pieces
  2300 | D:4      | Bought a scroll of identify for 28 gold pieces
  2300 | D:4      | Bought a scroll of identify for 28 gold pieces
  2300 | D:4      | Bought a scroll of identify for 28 gold pieces
  2469 | D:4      | XOM: divination: detect items
  2756 | D:5      | Entered Level 5 of the Dungeon
  3108 | D:5      | Reached skill level 9 in Unarmed Combat
  3190 | D:5      | Noticed a steam dragon
  3196 | D:5      | XOM: snakes to sticks
  3205 | D:5      | Killed a steam dragon
  3206 | D:5      | Reached XP level 8. HP: 48/74 MP: 7/7
  3384 | D:5      | Reached skill level 10 in Unarmed Combat
  3564 | D:5      | XOM: god gift: Xom's Parchment of the Ditch-Digger {god
                  | gift}
  3565 | D:5      | Got Xom's Parchment of the Ditch-Digger {god gift}
  3859 | D:6      | XOM: cloud trail
  3988 | D:6      | XOM: confuse monster(s)
  4005 | D:6      | Reached skill level 11 in Unarmed Combat
  4108 | D:6      | Found a staircase to the Ecumenical Temple.
  4323 | D:7      | XOM: cloud trail
  4330 | D:7      | XOM: divination: detect items
  4718 | D:7      | XOM: divination: magic mapping
  4719 | D:7      | XOM: enchant monster (good)
  4721 | D:7      | Reached skill level 12 in Unarmed Combat
  4721 | D:7      | Reached XP level 9. HP: 68/80 MP: 8/8
  4731 | D:7      | XOM: noise
  4904 | D:7      | Reached skill level 13 in Unarmed Combat
  5272 | D:8      | Reached skill level 14 in Unarmed Combat
  5761 | D:8      | Found a blossoming altar of Fedhas.
  5766 | D:8      | Found a bloodstained altar of Trog.
  5850 | D:9      | XOM: scenery: 1 doors open, 1 doors close
  5858 | D:9      | XOM: 9-stop teleportation journey
  5920 | D:9      | Reached XP level 10. HP: 82/88 MP: 9/9
  5947 | D:9      | XOM is BORED!
  5947 | Abyss:1  | Found a corrupted altar of Lugonu.
  5947 | Abyss:1  | Cast into level 1 of the Abyss (Xom)
  6095 | Abyss:1  | XOM: scenery: summon butterflies
  6131 | Abyss:1  | Noticed a wretched star
  6139 | Abyss:1  | XOM: summons friendly ufetubus
  6142 | Abyss:1  | Killed a wretched star
  6149 | D:9      | Escaped the Abyss
  6324 | D:9      | XOM: cast spell 'Animate Armour'
  6401 | D:9      | XOM: noise
  6403 | D:9      | XOM: potion effect (might)
  6411 | D:9      | Reached skill level 15 in Unarmed Combat
  6426 | D:9      | Reached skill level 5 in Fighting
  6674 | D:10     | Entered Level 10 of the Dungeon
  6701 | D:10     | XOM: noise
  6742 | D:10     | Reached XP level 11. HP: 94/104 MP: 10/10
  6759 | D:10     | XOM: divination: detect items
  6766 | D:10     | Reached skill level 5 in Dodging
  6776 | D:10     | XOM: noise
  6779 | D:10     | XOM: summons 3 friendly demons
  6845 | D:10     | Noticed Lodul
  6871 | D:10     | XOM: summons friendly ufetubus
  6880 | D:10     | Killed Lodul
  6898 | D:10     | XOM: cloud trail
  6936 | D:10     | Gained mutation: Your magical capacity is low. (-10% MP)
                  | [mutagenic glow]
  6946 | D:10     | Gained mutation: You occasionally lose the ability to drink
                  | potions when taking damage. [mutagenic glow]
  6967 | D:10     | Gained mutation: You are vulnerable to cold. (rC-)
                  | [mutagenic glow]
  7042 | D:10     | Found a staircase to the Lair.
  7059 | D:10     | XOM: scenery: 1 doors open, 1 doors close
  7061 | D:10     | XOM: blink monster(s)
  7077 | D:10     | XOM: confuse monster(s)
  7098 | D:10     | XOM: 2-stop teleportation journey
  7256 | D:10     | XOM: noise
  7304 | D:10     | Found Jyciz's Jewellery Boutique.
  7307 | D:10     | Bought a blade talisman for 480 gold pieces
  7411 | D:10     | Found a staircase to the Orcish Mines.
  7556 | Lair:1   | Entered Level 1 of the Lair of Beasts
  7574 | Lair:1   | Reached skill level 1 in Shapeshifting
  7678 | Lair:1   | Noticed Fannar
  7756 | D:11     | Lost mutation: Your magical capacity is low. (-10% MP)
                  | [potion of mutation]
  7756 | D:11     | Lost mutation: You are covered in thick fur. (AC +2)
                  | [potion of mutation]
  7756 | D:11     | Lost mutation: You occasionally lose the ability to drink
                  | potions when taking damage. [potion of mutation]
  7756 | D:11     | Gained mutation: You have a beak for a mouth. [potion of
                  | mutation]
  7756 | D:11     | Gained mutation: You have sharp toenails. [potion of
                  | mutation]
  7756 | D:11     | Gained mutation: Your system is resistant to poisons.
                  | (rPois) [potion of mutation]
  7782 | D:11     | Noticed Gastronok
  7933 | D:11     | XOM: divination: detect creatures
  7988 | D:11     | XOM: confusion
  8081 | D:11     | XOM: cast spell 'Cause Fear'
  8082 | D:11     | a cyclops changed into an alligator
  8082 | D:11     | Noticed an alligator
  8082 | D:11     | XOM: polymorph cyclops -> alligator
  8087 | D:11     | Killed an alligator
  8088 | D:11     | Reached skill level 5 in Shapeshifting
  8118 | D:11     | XOM: summons friendly iron imp
  8124 | D:11     | Noticed a boulder beetle
  8132 | D:11     | XOM: smoke on damage
  8134 | D:11     | a boulder beetle changed into a glowing orange brain
  8134 | D:11     | Noticed a glowing orange brain
  8134 | D:11     | XOM: polymorph boulder beetle -> glowing orange brain
  8135 | D:11     | Killed a glowing orange brain
  8136 | D:11     | Reached XP level 12. HP: 73/115 MP: 11/11
  8282 | D:11     | Found a frozen archway.
  8299 | IceCv    | Entered an ice cave
  8301 | IceCv    | XOM: fake destruction
  8305 | IceCv    | XOM: potion effect (brilliance)
  8371 | IceCv    | Identified the +1 leather armour "Huurefox" {rC+ Slay+3}
  8373 | IceCv    | Noticed a death yak
  8373 | IceCv    | Noticed a death yak
  8379 | IceCv    | Killed a death yak
  8382 | IceCv    | XOM: silly message
  8391 | IceCv    | Killed a death yak
  8398 | IceCv    | Identified the +6 flail of Dosm {freeze, ^Fragile rElec
                  | rPois Int+2}
  8416 | IceCv    | XOM: stat loss: -1 Int (7/8)
  8473 | IceCv    | XOM: 4-stop teleportation journey
  8509 | IceCv    | Noticed a death yak
  8509 | IceCv    | Noticed a death yak
  8509 | IceCv    | Noticed a frost giant
  8509 | IceCv    | Noticed a death yak
  8522 | IceCv    | Lost mutation: You have a beak for a mouth. [potion of
                  | mutation]
  8522 | IceCv    | Lost mutation: You are vulnerable to cold. (rC-) [potion of
                  | mutation]
  8522 | IceCv    | Lost mutation: Your system is resistant to poisons. (rPois)
                  | [potion of mutation]
  8522 | IceCv    | Gained mutation: You sometimes lose your temper in combat.
                  | [potion of mutation]
  8522 | IceCv    | Gained mutation: You occasionally shout uncontrollably at
                  | your foes. [potion of mutation]
  8522 | IceCv    | Gained mutation: Your mind is acute. (Int +4, Str/Dex -1)
                  | [potion of mutation]
  8533 | IceCv    | XOM: smoke on damage
  8541 | IceCv    | Killed a death yak
  8561 | IceCv    | Killed a death yak
  8564 | IceCv    | XOM: cleaving
  8565 | IceCv    | Noticed a death yak
  8571 | IceCv    | Killed a death yak
  8573 | IceCv    | XOM: enchant monster (good)
  8581 | IceCv    | Killed from afar by a frost giant

Illustrated notes

Levels and vault maps discovered:
D:1:      minmay_arrival_jagged, layout_rooms
D:2:      layout_basic, minmay_hexomino_r4
D:3:      layout_basic, uniq_sigmund
D:4:      layout_basic, serial_shops, shop
D:5:      layout_loops_corners, chequers_mini_garden, grunt_decor_arrowhead,
          wad_rectangle_vault
D:6:      layout_gridville, minmay_temple_entry_water_ring,
          hangedman_decor_growths
D:7:      layout_loops_corners, minivault_1
D:8:      layout_loops_ring, mainiacjoe_overflow_big_doors
D:9:      layout_roguey
D:10:     layout_roguey, david_lair_generic, orc_0_dummy, serial_shops,
          kennysheep_mini_moat, minmay_puff, uniq_lodul
D:11:     wad_river_or_something, layout_basic, portal_ice_cave_demonic_guard,
          gauntlet_entry_generic, uniq_gastronok
Lair:1:   layout_hall_layers, minivault_19, beast_lair_carwin_1, uniq_fannar
IceCv:    ice_cave_caverns_02

Skill      XL: |  1  2  3  4  5  6  7  8  9 10 11 12 |
---------------+-------------------------------------+-----
Unarmed Combat | 4 5 7 8 9 12 14 15 | 15.7
Dodging        | 2 4 6 |  6.2
Fighting       | 5 6 |  6.5
Shapeshifting  | 5 9 |  9.7

Action                     |  1- 3 |  4- 6 |  7- 9 | 10-12 || total
---------------------------+-------+-------+-------+-------++-------
  Melee: Unarmed           |   113 |   123 |   286 |   436 ||   958
         Punch             |     2 |     4 |    11 |    23 ||    40
         Peck              |       |       |       |    27 ||    27
         Kick              |       |       |       |    52 ||    52
  Evoke: Wand              |       |       |     5 |     2 ||     7
    Use: Scroll            |       |       |    12 |     4 ||    16
         Potion            |       |       |       |     4 ||     4
   Stab: Confused          |       |       |     1 |     1 ||     2
         Petrified         |       |       |     6 |       ||     6
 Armour: Robe              |    66 |    76 |   144 |    36 ||   322
         Steam dragon scal |       |       |       |   188 ||   188
  Dodge: Dodged            |    43 |   113 |   199 |   280 ||   635
  Block: Tower shield      |       |       |       |    12 ||    12

Table legend: (Time is in decaauts)
 A = Elapsed time spent in this place.
 B = Non-inter-level travel time spent in this place.
 C = Inter-level travel time spent in this place.
 D = Time resting spent in this place.
 E = Time spent auto-exploring this place.
 F = Levels seen in this place.
 G = Mean time per level.
                   A        B        C        D        E       F      G
               +--------+--------+--------+--------+--------+-----+--------+
         Total |   8394 |   7979 |    415 |     32 |   4860 |  14 |  599.6 |
       Dungeon |   7787 |   7372 |    415 |     28 |   4757 |  11 |  707.9 |
          Lair |    156 |    156 |      0 |      0 |    102 |   1 |  156.0 |
         Abyss |    188 |    188 |      0 |      0 |      0 |   1 |  188.0 |
      Ice Cave |    262 |    262 |      0 |      4 |      1 |   1 |  262.0 |
               +--------+--------+--------+--------+--------+-----+--------+

Top non-repeatable levels by time:
     D:5: 1068 daAuts
     D:4: 973 daAuts
    D:10: 916 daAuts
     D:7: 775 daAuts
     D:8: 719 daAuts
     D:2: 712 daAuts
     D:9: 629 daAuts
     D:1: 553 daAuts
    D:11: 499 daAuts
     D:3: 490 daAuts
     D:6: 449 daAuts
   IceCv: 262 daAuts
 Abyss:1: 188 daAuts
  Lair:1: 156 daAuts
